 Dungeon Crawl Stone Soup version 0.27.1-33-g824d729ab1 (webtiles) character file.

Game seed: 17572541205895303037

108 MisterFreud the Stinger (level 4, -8/32 HPs)
             Began as a Gnoll Venom Mage on Dec 15, 2021.
             Killed by divine providence
             ... invoked by an orc priest
              (10 damage)
             ... on level 3 of the Dungeon.
             The game lasted 00:03:41 (2204 turns).

MisterFreud the Stinger (Gnoll Venom Mage)          Turns: 2204, Time: 00:03:42

Health: -8/32      AC:  3    Str:  7    XL:     4   Next: 87%
Magic:  6/11       EV: 13    Int: 16    God:
Gold:   106        SH:  0    Dex: 12    Spells: 8/13 levels left

rFire    + + .     SeeInvis .   l - +2 whip (flame)
rCold    . . .     Faith    .   (no shield)
rNeg     . . .     Spirit   .   a - +0 robe
rPois    .         Reflect  .   m - +0 helmet
rElec    .         Harm     .   (no cloak)
rCorr    .         Rampage  .   (no gloves)
Will     .....                  (no boots)
Stlth    +++.......             (no amulet)
HPRegen  0.10/turn              e - ring of protection from fire
MPRegen  0.12/turn              f - ring of protection from fire

@: no status effects
A: fangs 1, strong nose, distributed training
a: no special abilities


You were on level 3 of the Dungeon.
You visited 1 branch of the dungeon, and saw 3 of its levels.

You collected 106 gold pieces.

Inventory:

Hand Weapons
 j - a +0 dagger
 l - a +2 whip of flaming (weapon)
Missiles
 g - 11 poisoned darts
Armour
 a - a +0 robe (worn)
 m - a +0 helmet (worn)
Jewellery
 e - a ring of protection from fire (left hand)
 f - a ring of protection from fire (right hand)
 h - a ring of protection from cold
Scrolls
 c - a scroll of vulnerability {unknown}
 i - a scroll of enchant weapon {unknown}
 k - a scroll of identify {unknown}
 o - a scroll of amnesia {unknown}
 p - 3 scrolls of fear {unknown}
Potions
 b - a potion of lignification {unknown}
 d - a potion of resistance {unknown}
 n - a potion of haste {unknown}


   Skills:
 + Level 1.2 Fighting
 + Level 1.2 Short Blades
 + Level 1.2 Long Blades
 + Level 1.2 Axes
 + Level 1.2 Maces & Flails
 + Level 1.2 Polearms
 + Level 1.2 Staves
 + Level 1.2 Slings
 + Level 1.2 Bows
 + Level 1.2 Crossbows
 + Level 1.2 Throwing
 + Level 1.2 Armour
 + Level 4.7 Dodging
 + Level 4.3 Stealth
 + Level 1.2 Shields
 + Level 1.2 Unarmed Combat
 + Level 5.1 Spellcasting
 + Level 1.0 Conjurations
 + Level 1.0 Hexes
 + Level 1.0 Summonings
 + Level 1.0 Necromancy
 + Level 1.0 Translocations
 + Level 2.3 Transmutations
 + Level 1.0 Fire Magic
 + Level 1.0 Ice Magic
 + Level 1.0 Air Magic
 + Level 1.0 Earth Magic
 + Level 5.5 Poison Magic
 + Level 1.4 Invocations
 + Level 1.2 Evocations


You had 8 spell levels left.
You knew the following spells:

 Your Spells              Type           Power      Damage    Failure   Level
a - Sting                 Tmut/Pois      64%        1d6       3%          1
b - Olgreb's Toxic Radia  Pois           21%        N/A       16%         4

Your spell library contained the following spells:

 Spells                   Type           Power      Damage    Failure   Level
 Poisonous Vapours        Pois/Air       28%        N/A       6%          2
 Animate Skeleton         Necr           14%        N/A       10%         1
 Foxfire                  Conj/Fire      28%        2x1d5     10%         1
 Pain                     Necr           28%        1d5       10%         1
 Summon Small Mammal      Summ           28%        N/A       10%         1
 Mephitic Cloud           Conj/Pois/Air  12%        N/A       16%         3
 Call Canine Familiar     Summ           7%         N/A       28%         3
 Conjure Flame            Conj/Fire      7%         6-21      28%         3
 Inner Flame              Hex/Fire       7%         N/A       28%         3
 Summon Guardian Golem    Hex/Summ       7%         N/A       28%         3
 Vampiric Draining        Necr           3%         2d6       28%         3


Dungeon Overview and Level Annotations

Branches:
Dungeon (3/15)

Altars:


Innate Abilities, Weirdness & Mutations

You have very sharp teeth.
Your uncanny sense of smell can sniff out nearby items.
Your experience applies equally to all skills.


Message History

The orc priest is heavily wounded.
You hit the orc priest but do no damage.
The orc priest is almost dead.
The orc priest mumbles some strange prayers to Beogh against you.
Pain shoots through your body! The orc priest misses you.
You hit the orc priest. You burn the orc priest.
The orc priest is heavily wounded.
The orc priest closely misses you.
The orc priest calls down the wrath of Beogh upon you.
Beogh smites you!
* * * LOW HITPOINT WARNING * * *
You closely miss the orc priest.
You bite the orc priest, but do no damage.
The orc priest is almost dead.
The orc priest looks more healthy.
You kill the orc priest!
The orc priest closely misses you.
Your Conjurations skill increases to level 1!
Your Hexes skill increases to level 1!
Your Summonings skill increases to level 1!
Your Necromancy skill increases to level 1!
Your Translocations skill increases to level 1!
Your Fire Magic skill increases to level 1!
Your Ice Magic skill increases to level 1!
Your Air Magic skill increases to level 1!
Your Earth Magic skill increases to level 1!
Unknown command.
Unknown command.
Unknown command.
Unknown command.
Unknown command.
Unknown command.
You closely miss the orc priest.
The orc priest is severely wounded.
The orc priest hits you but does no damage.
You hit the orc priest. You burn the orc priest.
The orc priest is almost dead.
The orc priest invokes the aid of Beogh against you.
Beogh smites you!
You die...

.(<........#<#.######
...#.....#.....)....#
#.......##.....)###.#
##..............##..#
##.).#####......##.##
)....)..##<.....#..#
........##......#.##
........##......#.#
#####.####..###o@.#
..# ..## #)### #.#
##. ... .# .###. .# .
#. #. #. ..


You could see an orc priest.

Vanquished Creatures
  An orc priest (D:3)
  Robin (D:2)
  An adder (D:3)
  A worm (D:2)
  3 orcs
  3 bats
  5 endoplasms
  A giant cockroach (D:1)
  12 goblins
  4 hobgoblins
  5 kobolds
  A quokka (D:3)
  3 ball pythons
  3 frilled lizards
  6 rats
50 creatures vanquished.

Notes
Turn   | Place    | Note
-------+----------+-------------------------------------------
     0 | D:1      | MisterFreud the Gnoll Venom Mage began the quest for the
                  | Orb.
     0 | D:1      | Reached XP level 1. HP: 13/13 MP: 6/6
    96 | D:1      | Found a faded altar of an unknown god.
   269 | D:1      | Reached XP level 2. HP: 19/19 MP: 5/7
  1137 | D:2      | Noticed Robin
  1144 | D:2      | Reached XP level 3. HP: 25/25 MP: 5/9
  1147 | D:2      | Reached skill level 5 in Spellcasting
  1176 | D:2      | Killed Robin
  1177 | D:2      | Reached skill level 1 in Invocations
  1398 | D:2      | Reached skill level 1 in Fighting
  1398 | D:2      | Reached skill level 1 in Short Blades
  1398 | D:2      | Reached skill level 1 in Long Blades
  1398 | D:2      | Reached skill level 1 in Axes
  1398 | D:2      | Reached skill level 1 in Maces & Flails
  1398 | D:2      | Reached skill level 1 in Polearms
  1398 | D:2      | Reached skill level 1 in Staves
  1398 | D:2      | Reached skill level 1 in Slings
  1398 | D:2      | Reached skill level 1 in Bows
  1398 | D:2      | Reached skill level 1 in Crossbows
  1398 | D:2      | Reached skill level 1 in Throwing
  1398 | D:2      | Reached skill level 1 in Armour
  1398 | D:2      | Reached skill level 1 in Shields
  1398 | D:2      | Reached skill level 1 in Unarmed Combat
  1398 | D:2      | Reached skill level 1 in Evocations
  1973 | D:3      | Reached XP level 4. HP: 32/32 MP: 7/11
  2020 | D:3      | Learned a level 4 spell: Olgreb's Toxic Radiance
  2201 | D:3      | HP: 1/32 [orc priest/divine providence (11)]
  2203 | D:3      | Reached skill level 1 in Conjurations
  2203 | D:3      | Reached skill level 1 in Hexes
  2203 | D:3      | Reached skill level 1 in Summonings
  2203 | D:3      | Reached skill level 1 in Necromancy
  2203 | D:3      | Reached skill level 1 in Translocations
  2203 | D:3      | Reached skill level 1 in Fire Magic
  2203 | D:3      | Reached skill level 1 in Ice Magic
  2203 | D:3      | Reached skill level 1 in Air Magic
  2203 | D:3      | Reached skill level 1 in Earth Magic
  2204 | D:3      | Killed from afar by an orc priest

Illustrated notes

Levels and vault maps discovered:
D:1:      wander_arrival_desolate, layout_basic,
          ebering_ecumenical_altar_abandoned
D:2:      layout_loops_ring, uniq_robin
D:3:      layout_rooms, mainiacjoe_overflow_brackets, minmay_lizard_king

Skill      XL: |  1  2  3  4 |
---------------+-------------+-----
Transmutations | 2 |  2.3
Spellcasting   | 5 |  5.1
Invocations    | 1 |  1.4
Fighting       | 1 |  1.2
Short Blades   | 1 |  1.2
Long Blades    | 1 |  1.2
Axes           | 1 |  1.2
Maces & Flails | 1 |  1.2
Polearms       | 1 |  1.2
Staves         | 1 |  1.2
Slings         | 1 |  1.2
Bows           | 1 |  1.2
Crossbows      | 1 |  1.2
Throwing       | 1 |  1.2
Armour         | 1 |  1.2
Shields        | 1 |  1.2
Unarmed Combat | 1 |  1.2
Evocations     | 1 |  1.2
Conjurations   | 1 |  1.0
Hexes          | 1 |  1.0
Summonings     | 1 |  1.0
Necromancy     | 1 |  1.0
Translocations | 1 |  1.0
Fire Magic     | 1 |  1.0
Ice Magic      | 1 |  1.0
Air Magic      | 1 |  1.0
Earth Magic    | 1 |  1.0
Dodging        | |  4.7
Stealth        | |  4.3
Poison Magic   | |  5.5

Action                   |  1- 3 |  4- 6 || total
-------------------------+-------+-------++-------
Melee: Unarmed           |     8 |       ||     8
       Bite              |     2 |     1 ||     3
       Whip              |    16 |    18 ||    34
 Cast: Sting             |    55 |    17 ||    72
       Olgreb's Toxic Ra |       |     1 ||     1
Armor: Robe              |     4 |     5 ||     9
Dodge: Dodged            |    16 |    11 ||    27
